 Dungeon Crawl Stone Soup version 0.20.0-15-g7f486f2 (webtiles) character file.

1249 Jannitor the Skirmisher (level 8, -5/64 HPs)
             Began as a Mummy Skald on June 25, 2017.
             Slain by an orc warrior
             ... wielding a +0 glaive
              (21 damage)
             ... on level 3 of the Dungeon.
             The game lasted 00:17:24 (8403 turns).

Jannitor the Skirmisher (Mummy Skald)               Turns: 8403, Time: 00:17:25

Health: -5/64      AC:  8    Str: 15    XL:     8   Next: 26%
Magic:  10/12      EV: 12    Int: 14    God:
Gold:   290        SH:  0    Dex: 14    Spells: 4/12 levels left

rFire    + . .     SeeInvis .   i - +10 falchion of Afuozaso {flame, rF+ Dex+3}
rCold    + . .     Gourm    .   (no shield)
rNeg     + + +     Faith    .   k - +1 robe {rF+}
rPois    ∞         Spirit   .   j - +2 helmet
rElec    .         Reflect  .   m - +0 cloak
rCorr    .         Harm     +   (no gloves)
MR       +....                  o - +0 pair of boots
Stlth    +.........             f - amulet of harm
Regen    0.2/turn               (no ring)
MPRegen  0.2/turn               (no ring)

@: infused
A: no food or potions, fire vulnerability, cold resistance 1, negative energy
resistance 3, torment resistance, unbreathing
a: no special abilities


You were on level 3 of the Dungeon.
You were not hungry.

You visited 1 branch of the dungeon, and saw 6 of its levels.
You also visited: Sewer.

You collected 290 gold pieces.

Inventory:

Hand Weapons
 a - a +1 falchion
 h - a +0 long sword
 i - the +10 falchion of Afuozaso (weapon) {flame, rF+ Dex+3}
   (You found it on level 4 of the Dungeon)

   It has been specially enchanted to burn those struck by it, causing extra
   injury to most foes and up to half again as much damage against particularly
   susceptible opponents.
   Big, fiery blades are also staple armaments of hydra-hunters.
   It affects your dexterity (+3).
   It protects you from fire.
Armour
 b - a +0 leather armour
 j - a +2 helmet (worn)
 k - a +1 robe of fire resistance (worn)
 m - a +0 cloak (worn)
 o - a +0 pair of boots (worn)
Jewellery
 f - an amulet of harm (around neck)
 p - a cursed ring of teleportation
Wands
 e - a wand of flame (12/48)
Scrolls
 d - 3 scrolls of identify
 g - a scroll of enchant armour
 l - 3 scrolls of remove curse {unknown}
 n - a scroll of fear {unknown}
 q - 6 scrolls of amnesia {unknown}
Books
 c - a book of Battle

   Spells                             Type                      Level
   a - Infusion                       Charms                       1
   b - Shroud of Golubria             Charms/Translocation         2
   c - Song of Slaying                Charms                       2
   d - Spectral Weapon                Hexes/Charms                 3
   e - Regeneration                   Charms/Necromancy            3


   Skills:
 + Level 6.1 Fighting
 + Level 4.8 Long Blades
 - Level 0.7 Armour
 - Level 1.5 Dodging
 - Level 2.6 Spellcasting
 + Level 5.4 Charms


You had 4 spell levels left.
You knew the following spells:

 Your Spells              Type           Power        Failure   Level  Hunger
a - Infusion              Chrm           ###.         2%          1    N/A
b - Song of Slaying       Chrm           ###.....     3%          2    N/A
c - Shroud of Golubria    Chrm/Tloc      #.........   11%         2    N/A
d - Spectral Weapon       Hex/Chrm       #.......     22%         3    N/A

Dungeon Overview and Level Annotations

Branches:
Dungeon (6/15)
 Temple: D:4-7

Altars:
Dithmenos
Elyvilon
Hepliaklqana
Nemelex Xobeh
Ru
Trog
Vehumet
Xom
Zin

Shops:
D:4 *

Annotations:
D:3 exclusion: orc priest
D:5 Dowan


Innate Abilities, Weirdness & Mutations

You do not eat or drink.
Your flesh is vulnerable to fire.
You are immune to poison.
Your flesh is cold resistant. (rC+)
You are immune to negative energy. (rN+++)
You are immune to unholy pain and torment.
You can survive without breathing.


Message History

The orc priest is too close now for your liking.
Casting: Song of Slaying
Confirm with . or Enter, or press ? or * to list all spells.
You begin infusing your attacks with magical energy.
The orc priest hits you with a short sword.
You slash the orc priest!! You burn the orc priest.
You kill the orc priest!
You hear a shout!
The orc warrior shouts!
The orc wizard shouts!
The orc warrior hits you from afar with a glaive!
The orc wizard casts a spell.
The orc wizard seems to speed up.
You see here a short sword.
The orc wizard points at you and mumbles some strange words.
You easily resist.
The orc warrior hits you with a glaive!!
* * * LOW HITPOINT WARNING * * *
You hit the orc warrior but do no damage.
The orc warrior hits you with a glaive!!
You die...

).# ####.#####...........##.#
..# #.......##...#..#....##.#
..# #.#..##.##......#..(..#%#
..# #.......##.####.#.§.....#
..# #.#..#..##......##.o#o#.#
..# #.#.##..##.!.....#o.....#
..######.#.##..##.....>.####.###
..(............##o.....># #†#
...........##..)@.o.....# #.#
.........#.######.......# #o#
..#.######.# #.......# #.. ..#.#
#.# #....(..# ##.# ..#.# #.#
######### .# %.#.# #.# .# ....##
#.####### .# .....#####.......#
.# ..#..#.......###.###########


You could see an orc warrior and an orc wizard.

Vanquished Creatures
  Duvessa (D:5)
  An orc warrior (D:4)
  An ogre (D:4)
  2 big kobolds (Sewer)
  2 howler monkeys
  A crimson imp (D:5)
  6 orc priests
  3 orc wizards
  An iguana (D:5)
  Ijyb (D:4)
  Jessica (D:3)
  2 worker ants (D:4)
  Terence (D:3)
  Robin (D:2)
  A worker ant zombie (D:5)
  8 adders
  A river rat (Sewer)
  5 oozes (Sewer)
  An adder skeleton (D:4)
  A dart slug (D:2)
  10 worms
  4 leopard geckos
  20 orcs
  3 ball pythons
  8 giant cockroaches
  11 goblins
  14 hobgoblins
  11 jackals
  12 kobolds
  2 quokkas
  11 bats
  5 frilled lizards
  A leopard gecko skeleton (D:4)
  A quokka skeleton (D:5)
  26 rats
180 creatures vanquished.

Vanquished Creatures (others)
  A spectral weapon (D:4)
1 creature vanquished.

Grand Total: 181 creatures vanquished

Notes
Turn   | Place    | Note
-------+----------+-------------------------------------------
     0 | D:1      | Jannitor the Mummy Skald began the quest for the Orb.
     0 | D:1      | Reached XP level 1. HP: 16/16 MP: 4/4
   345 | D:1      | Reached XP level 2. HP: 19/22 MP: 5/5
   702 | D:1      | Learned a level 2 spell: Song of Slaying
  1214 | D:1      | Reached XP level 3. HP: 27/28 MP: 7/7
  1282 | D:2      | Noticed Jessica
  1358 | D:2      | Noticed Robin
  1744 | D:1      | Learned a level 2 spell: Shroud of Golubria
  2162 | D:2      | Found a shadowy altar of Dithmenos.
  2173 | D:2      | Found a bloodstained altar of Trog.
  2185 | D:2      | Reached skill level 3 in Fighting
  2714 | D:1      | Reached XP level 4. HP: 25/35 MP: 8/8
  2908 | D:2      | Killed Robin
  3169 | D:3      | Killed Jessica
  3302 | D:3      | Reached XP level 5. HP: 38/41 MP: 9/9
  3321 | D:3      | Noticed Terence
  3430 | D:3      | Learned a level 3 spell: Spectral Weapon
  3607 | D:3      | Noticed a phantom
  4210 | D:3      | Noticed an orc warrior
  4243 | D:5      | Entered Level 5 of the Dungeon
  4302 | D:5      | Found a sparkling altar of Nemelex Xobeh.
  4399 | D:5      | Found a glowing silver altar of Zin.
  4402 | D:5      | Found a shimmering altar of Xom.
  4449 | D:5      | Found a hazy altar of Hepliaklqana.
  4630 | D:5      | Found a glowing drain.
  4634 | Sewer    | Entered a sewer
  4910 | Sewer    | Reached skill level 4 in Fighting
  5020 | Sewer    | Reached XP level 6. HP: 48/48 MP: 10/10
  5811 | D:5      | Reached XP level 7. HP: 55/55 MP: 9/11
  6110 | D:5      | Noticed Duvessa
  6312 | D:5      | Killed Duvessa
  6312 | D:5      | Reached skill level 5 in Fighting
  6392 | D:5      | Noticed Dowan
  6417 | D:4      | Noticed Ijyb
  7164 | D:4      | Killed Ijyb
  7164 | D:4      | Reached skill level 5 in Charms
  7373 | D:4      | Reached XP level 8. HP: 42/64 MP: 2/12
  7594 | D:4      | Found Faec Ceu's Assorted Antiques.
  7618 | D:4      | Reached skill level 6 in Fighting
  8027 | D:4      | Found a sacrificial altar of Ru.
  8030 | D:4      | Found a radiant altar of Vehumet.
  8035 | D:4      | Found a bloodstained altar of Trog.
  8037 | D:4      | Found a white marble altar of Elyvilon.
  8148 | D:4      | Got a transparent falchion
  8149 | D:4      | Identified the +10 falchion of Afuozaso {flame, rF+ Dex+3} (You found it on level 4 of the Dungeon)
  8350 | D:3      | Killed Terence
  8403 | D:3      | Slain by an orc warrior

Skill      XL: |  1  2  3  4  5  6  7  8 |
---------------+-------------------------+-----
Long Blades    | 2 3 4 |  4.8
Fighting       | 3 4 5 6 |  6.1
Charms         | 3 4 5 |  5.4
Armour         | |  0.7
Dodging        | |  1.5
Spellcasting   | |  2.6

Action                   |  1- 3 |  4- 6 |  7- 9 || total
-------------------------+-------+-------+-------++-------
Melee: Falchion          |   172 |   311 |   165 ||   648
       Long sword        |       |       |     9 ||     9
 Cast: Infusion          |     5 |    21 |     9 ||    35
       Song of Slaying   |     7 |     8 |     6 ||    21
       Shroud of Golubri |       |     5 |     2 ||     7
       Spectral Weapon   |       |     2 |     6 ||     8
  Use: Scroll            |       |     6 |     3 ||     9
 Stab: Distracted        |       |       |     1 ||     1
Armor: Leather armour    |    77 |    13 |       ||    90
       Robe              |       |    98 |    56 ||   154
Dodge: Dodged            |   168 |   191 |   122 ||   481
       Rpst.: Falchion   |    54 |    71 |    29 ||   154
       Long sword        |       |       |     3 ||     3
